 Dungeon Crawl Stone Soup version 0.26-a0-30-g56b8cd3df0 (webtiles) character file.

Game seed: 8352847555496116540, levelgen mode: deterministic

10 Lanoc the Cudgeler (level 2, 0/21 HPs)
             Began as an Octopode Chaos Knight on May 30, 2020.
             Was a Plaything of Xom.
             Slain by Terence
             ... wielding a +0 trident
              (2 damage)
             ... on level 3 of the Dungeon.
             The game lasted 00:00:52 (214 turns).

Lanoc the Cudgeler (Octopode Chaos Knight)           Turns: 214, Time: 00:00:52

Health: 0/21       AC:  1    Str: 17    XL:     2   Next: 20%
Magic:  2/2        EV: 13    Int: 14    God:    Xom [..*...]
Gold:   37         SH:  0    Dex: 11    Spells: 1/1 levels left

rFire    . . .     SeeInvis .   a - +0 mace (chaos)
rCold    . . .     Gourm    .   (no shield)
rNeg     . . .     Faith    .   (helmet restricted)
rPois    .         Spirit   .   (no amulet)
rElec    .         Reflect  .   d - +6 ring of strength
rCorr    .         Harm     .   (no ring)
MR       .....                  (no ring)
Stlth    ++........             (no ring)
HPRegen  0.07/turn              (no ring)
MPRegen  0.08/turn              (no ring)
                                (no ring)
                                (no ring)

@: no status effects
A: almost no armour, stealthy swim, amphibious, 8 rings, constrict 8, camouflage
1, gelatinous body 1
a: Renounce Religion


You were on level 3 of the Dungeon.
You worshipped Xom.
You were a toy of Xom.
You were not hungry.

You visited 1 branch of the dungeon, and saw 3 of its levels.

You collected 37 gold pieces.

Inventory:

Hand Weapons
 a - a +0 mace of chaos (weapon)
Jewellery
 d - a +6 ring of strength (left tentacle)
Potions
 c - a potion of haste {unknown}
Comestibles
 b - a ration


   Skills:
 + Level 3.1 Fighting
 * Level 3.3 Maces & Flails
 + Level 2.5 Dodging


You had one spell level left.
You didn't know any spells.
Your spell library was empty.

Dungeon Overview and Level Annotations

Branches:
Dungeon (3/15)

Altars:
Cheibriados

Annotations:
D:3 Terence


Innate Abilities, Weirdness & Mutations

You cannot wear most types of armour.
You are very stealthy in the water. (Stealth+)
You are amphibious.
You can wear up to eight rings at the same time.
You can use your tentacles to constrict eight enemies at once.
Your skin changes colour to match your surroundings (Stealth+).
Your rubbery body absorbs attacks. (AC +1, EV +1)


Message History

You kill the hobgoblin!
Terence zaps a wand.
The puff of flame hits you. Terence closely misses you.
You see here a +0 club.
You hit Terence. You burn Terence. Your grab misses Terence.
Terence is lightly wounded.
Terence hits you with a +0 trident.
You hit Terence. You burn Terence. You grab Terence.
Terence is heavily wounded.
You constrict Terence.
Terence zaps a wand.
The puff of flame misses you.
You hit Terence.
Terence is heavily wounded.
You constrict Terence, but do no damage.
Terence screams, "I want your blood!" Terence hits you with a +0 trident!
* * * LOW HITPOINT WARNING * * *
You hit Terence.
Terence seems to speed up.
Terence is severely wounded.
You constrict Terence. Terence hits you with a +0 trident.
You die...

#. ### #. #.. ..
#.# #. # #.# #.#
#.####.###.#
#.........@#####.#
#........@.....#
#.##.####.##.....
#.##....#.# ###
###.####.........#
.)....<...####.###
###.#####.# #.#
#.# #.# #.# #.#
..# #.#


You could see Terence (fast).

Vanquished Creatures
  2 dart slugs (D:2)
  A hobgoblin (D:3)
  2 kobolds (D:2)
  2 bats (D:1)
7 creatures vanquished.

Notes
Turn   | Place    | Note
-------+----------+-------------------------------------------
     0 | D:1      | Lanoc the Octopode Chaos Knight began the quest for the
                  | Orb.
     0 | D:1      | Reached XP level 1. HP: 16/16 MP: 1/1
    31 | D:1      | XOM: smoke on damage
   110 | D:2      | Found a snail-covered altar of Cheibriados.
   116 | D:2      | Reached XP level 2. HP: 19/21 MP: 2/2
   199 | D:3      | Noticed Terence
   214 | D:3      | Slain by Terence

Illustrated notes

Levels and vault maps discovered:
D:1:      saegor_arrival_under_anarchy, layout_basic
D:2:      layout_loops_ring, kennysheep_slug_shrine, marbit_many_paths,
          first_ration
D:3:      layout_loops_ring, nicolae_gozag_seed_capital, bloody_trog,
          uniq_terence

Action                   || total
-------------------------++-------
Melee: Mace              ||    16
       Constrict         ||     3
       Tentacles         ||     1
 Stab: Sleeping          ||     3
Armor: Skin              ||     3
Dodge: Dodged            ||     8

Table legend:
 A = Non-vault XP
 B = Vault XP
 C = Vault XP percentage of total XP
 D = Non-vault monster count
 E = Vault monster count
 F = Vault count percentage of total count
                 A         B        C        D         E       F
            +---------+---------+-------+---------+---------+-------
      Total |      11 |       4 |  26.7 |       6 |       1 |  14.3
            +---------+---------+-------+---------+---------+-------
        D:1 |       2 |       0 |   0.0 |       2 |       0 |   0.0
        D:2 |       7 |       4 |  36.4 |       3 |       1 |  25.0
        D:3 |       2 |       0 |   0.0 |       1 |       0 |   0.0
            +---------+---------+-------+---------+---------+-------
